 Dungeon Crawl Stone Soup version 0.28.0-62-gf88900778d (webtiles) character file.

Game seed: 1002370579052574552

120 Jerry the Skirmisher (level 5, 0/42 HPs)
             Began as a Vine Stalker Fighter on Sept 28, 2023.
             Succumbed to a scorpion's poison
             ... on level 3 of the Dungeon.
             The game lasted 00:03:19 (2380 turns).

Jerry the Skirmisher (Vine Stalker Fighter)         Turns: 2380, Time: 00:03:19

Health: 0/42       AC:  7    Str: 19    XL:     5   Next: 4%
Magic:  2/6        EV:  9    Int: 10    God:
Gold:   56         SH:  5    Dex: 13    Spells: 4/4 levels left

rFire   . . .      SeeInvis .   e - +3 dagger
rCold   . . .      Faith    .   c - +0 buckler
rNeg    . . .      Spirit   +   b - +0 scale mail
rPois   .          Reflect  .   (no helmet)
rElec   .          Harm     .   i - +0 cloak
rCorr   .          Rampage  .   (no gloves)
Will    .....                   (no boots)
Stlth   ..........              (no amulet)
HPRegen 0.94/turn               (no ring)
MPRegen 0.10/turn               (no ring)

@: berserking, lethally poisoned (0 -> -7), very quick
A: fangs 2, regeneration 1, magic shield, antimagic bite, no potion heal 2
a: no special abilities


You were on level 3 of the Dungeon.
You visited 1 branch of the dungeon, and saw 3 of its levels.

You collected 134 gold pieces.
You spent 78 gold pieces at shops.

Inventory:

Hand Weapons
 a - a +0 rapier
 e - a +3 dagger (weapon)
Armour
 b - a +0 scale mail (worn)
 c - a +0 buckler (worn)
 i - a +0 cloak (worn)
Scrolls
 h - 6 scrolls of teleportation
 k - a scroll of fog {unknown}
 l - a scroll of fear {unknown}
 m - a scroll of enchant armour {unknown}
 n - a scroll of identify {unknown}
Potions
 d - a potion of might
 f - a potion of berserk rage
 g - 3 potions of heal wounds {unknown}
 j - a potion of attraction {unknown}


   Skills:
 + Level 3.4 Fighting
 + Level 2.7 Short Blades
 + Level 3.0 Armour
 + Level 3.4 Shields


You had 4 spell levels left.
You didn't know any spells.
Your spell library was empty.

Dungeon Overview and Level Annotations

Branches:
Dungeon (3/15)

Altars:

Shops:
D:2 ?

Annotations:
D:3 3 runed translucent doors, peterlawrence's ghost, amateur MiFi


Innate Abilities, Weirdness & Mutations

You have extremely sharp teeth.
Your natural rate of healing is unusually fast.
When hurt, damage is shared between your health and your magic reserves.
Your bite disrupts and absorbs the magic of your enemies.
Potions cannot restore your health.


Message History

You hit the scorpion but do no damage. Your bite misses the scorpion.
The scorpion is severely wounded.
The scorpion stings you.
You barely miss the scorpion.
The scorpion is severely wounded.
The scorpion stings you.
You hit the scorpion.
The scorpion is almost dead.
You block the scorpion's attack. The scorpion stings you.
You are poisoned.
The scorpion poisons you!
You hit the scorpion but do no damage.
The scorpion is almost dead.
You feel very sick. The scorpion stings you!
You are lethally poisoned!
The scorpion poisons you!
You hit the scorpion. You bite the scorpion.
You kill the scorpion!
* * * LOW HITPOINT WARNING * * *
You feel very sick. The bat hits you.
* * * LOW HITPOINT WARNING * * *
Your Armour skill increases to level 3!
You have reached level 5!
It was a potion of berserk rage.
A red film seems to cover your vision as you go berserk!
You feel yourself moving faster!
You feel mighty!
* * * LOW HITPOINT WARNING * * *
You feel very sick. The bat hits you but does no damage.
The bat closely misses you.
Unknown command.
You are too berserk!
You puncture the bat!
You kill the bat!
* * * LOW HITPOINT WARNING * * *
You feel sick.
You hit the adder.
The adder is heavily wounded.
You die...

..#......##
........$# .
#...... .# ##
##....###..#
#..#$......?.#
##..##:##Jb####
#....###...#
#.)...#.######
.....#....KJ.S@.#
........###l####.#
.......##
#.####.### ...(..#
#.##.....# .....#
#.##...<.### #....
#.#........# #.#
##.# #.#......#.#
#.# ..
#.#......#.# #.# #
### #.#.##...#.#
#.#


You could see an adder, an endoplasm, a kobold and a frilled lizard.

Vanquished Creatures
  A scorpion (D:3)
  A gnoll (D:1)
  An adder (D:2)
  2 dart slugs (D:3)
  4 ball pythons
  3 endoplasms (D:1)
  6 giant cockroaches
  8 goblins
  A hobgoblin (D:1)
  2 kobolds (D:2)
  A quokka (D:2)
  5 bats
  5 rats
40 creatures vanquished.

Notes
Turn   | Place    | Note
-------+----------+-------------------------------------------
     0 | D:1      | Jerry the Vine Stalker Fighter began the quest for the Orb.
     0 | D:1      | Reached XP level 1. HP: 11/11 MP: 2/2
   526 | D:1      | Reached XP level 2. HP: 8/16 MP: 3/3
  1120 | D:1      | Reached XP level 3. HP: 20/20 MP: 4/4
  1873 | D:2      | Found Nevo's Magic Scroll Boutique.
  1876 | D:2      | Bought a scroll of teleportation for 39 gold pieces
  1876 | D:2      | Bought a scroll of teleportation for 39 gold pieces
  2259 | D:3      | Gained mutation: Your natural rate of healing is unusually
                  | fast. [Vine Stalker growth]
  2259 | D:3      | Reached XP level 4. HP: 24/24 MP: 5/5
  2259 | D:3      | Found a runed translucent gate.
  2331 | D:3      | Found a runed translucent gate.
  2331 | D:3      | Found a runed translucent gate.
  2336 | D:3      | Noticed peterlawrence's ghost (amateur MiFi)
  2357 | D:3      | Noticed a scorpion
  2377 | D:3      | Killed a scorpion
  2378 | D:3      | Reached XP level 5. HP: 5/28 MP: 2/6
  2379 | D:3      | HP: 2/42 [poisoned by a scorpion]
  2380 | D:3      | Succumbed to a scorpion's poison

Illustrated notes

Levels and vault maps discovered:
D:1:      dpeg_arrival_lava_temple_mockup, layout_basic
D:2:      layout_loops_cross, serial_shops, nicolae_shop_trees
D:3:      kennysheep_slugbush, layout_loops_ring, gammafunk_ghost_necromancy,
          minmay_three_crescents

Skill      XL: |  1  2  3  4 |
---------------+-------------+-----
Short Blades   | 2 |  2.7
Fighting       | 3 |  3.4
Shields        | 3 |  3.4
Armour         | 3 |  3.0

Action                   |  1- 3 |  4- 6 || total
-------------------------+-------+-------++-------
Melee: Rapier            |    14 |       ||    14
       Dagger            |    93 |    19 ||   112
       Bite              |    20 |     7 ||    27
  Use: Potion            |       |     1 ||     1
Armor: Scale mail        |    34 |     8 ||    42
Dodge: Dodged            |    51 |    12 ||    63
Block: Buckler           |    22 |     5 ||    27
